 Dungeon Crawl Stone Soup version 0.31.0-32-g396128a36d (webtiles) character file.

Game seed: 16660491608990342725

165 PaiMei the Digger (level 5, -3/29 HPs)
             Began as a Gargoyle Earth Elementalist on Apr 23, 2024.
             Slain by an ogre
             ... wielding a +0 giant club
              (12 damage)
             ... on level 4 of the Dungeon.
             The game lasted 00:05:07 (2311 turns).

PaiMei the Digger (Gargoyle Earth Elementalist)     Turns: 2311, Time: 00:05:07

Health: -3/29      AC:  9    Str: 11    XL:     5   Next: 46%
Magic:  7/9        EV: 12    Int: 18    God:
Gold:   146        SH:  0    Dex: 10    Spells: 5/9 levels left

rFire   . . .        m - +4 dagger (venom)
rCold   . . .        (no shield)
rNeg    + . .        a - +0 robe
rPois   ∞            j - +1 helmet
rElec   +            u - +0 cloak
rCorr   .            (no gloves)
SInv    .            (no boots)
Will    .....        (no amulet)
Stlth   ++           (no ring)
HPRegen 0.24/turn    (no ring)
MPRegen 0.11/turn

%: no passive effects
@: no status effects
A: sickness immunity, AC +4, negative energy resistance 1, electricity
resistance, torment resistance 1, petrification resistance
a: no special abilities


You were on level 4 of the Dungeon.
You visited 1 branch of the dungeon, and saw 4 of its levels.

You collected 146 gold pieces.

Inventory:

Hand Weapons
 m - a +4 dagger of venom (weapon)
Missiles
 g - 11 poisoned darts (quivered)
 k - 39 stones
Armour
 a - a +0 robe (worn)
 j - a +1 helmet (worn)
 l - a +2 hat
 u - a +0 cloak (worn)
Scrolls
 h - 5 scrolls of identify {unknown}
 n - a scroll of fog {unknown}
 o - a scroll of poison {unknown}
 p - a scroll of blinking {unknown}
 r - a scroll of brand weapon {unknown}
 s - a scroll of enchant armour {unknown}
Potions
 b - 2 potions of magic
 c - a potion of resistance {unknown}
 d - 2 potions of curing {unknown}
 e - a potion of heal wounds {unknown}
 f - a potion of ambrosia {unknown}
 i - a potion of lignification {unknown}
 q - a potion of mutation {unknown}
 t - a potion of haste {unknown}


   Skills:
 + Level 1.3 Fighting
 + Level 1.4 Armour
 - Level 2.1 Dodging
 - Level 3.0 Stealth
 + Level 2.8 Spellcasting
 - Level 2.1 Conjurations
 + Level 4.6 Earth Magic


You had 5 spell levels left.
You knew the following spells:

 Your Spells              Type           Power      Damage    Failure   Level
a - Sandblast             Erth           38%        2d10      2%          1
b - Stone Arrow           Conj/Erth      28%        3d8       12%         3

Your spell library contained the following spells:

 Spells                   Type           Power      Damage    Failure   Level
 Passwall                 Erth           19%        N/A       8%          3
 Brom's Barrelling Bould  Conj/Erth      14%        2d4       38%         4
 Petrify                  Alch/Erth      10%        N/A       54%         4


Dungeon Overview and Level Annotations

Branches:
Dungeon (4/15)
 Temple: D:4-7

Altars:
Qazlal

Annotations:
D:3 Sigmund


Innate Abilities, Weirdness & Mutations

You are immune to sickness and miasma.
Your stone body is resilient. (AC +4)
You are immune to poison.
You resist negative energy. (rN+)
You are resistant to electric shocks. (rElec)
You are resistant to unholy torment.
You are immune to petrification.


Message History

Found a twisted ivory wand.
A jackal comes into view.
Found an orange potion.
The hobgoblin hits you but does no damage.
You hit the hobgoblin.
The hobgoblin is poisoned.
The hobgoblin is almost dead.
The hobgoblin hits you but does no damage.
You barely miss the hobgoblin.
The hobgoblin is almost dead.
You kill the hobgoblin!
You see here a hobgoblin corpse.
The jackal barks! x2; You hear a shout!
You hit the jackal.
The jackal is poisoned.
The jackal is almost dead.
You kill the jackal!
An ogre comes into view. It is wielding a +0 giant club.
You hit the jackal.
The jackal is poisoned.
The jackal is moderately wounded.
The jackal closely misses you.
You hit the jackal.
You kill the jackal!
Casting: Sandblast (safe; 2% risk of failure)
Confirm with . or Enter, or press ? or * to list all spells.
Aiming: Sandblast (safe; 2% risk of failure)
Press: ? - help, Shift-Dir - straight line, f - ogre
Aim: an ogre, wielding a +0 giant club (91% to hit)
The blast of sand hits the ogre!
The ogre is moderately wounded.
The ogre hits you with a +0 giant club!!
Ouch! That really hurt!
* * * LOW HITPOINT WARNING * * *
Casting: Sandblast (safe; 2% risk of failure)
Confirm with . or Enter, or press ? or * to list all spells.
Aiming: Sandblast (safe; 2% risk of failure)
Press: ? - help, Shift-Dir - straight line, f/p - ogre
Aim: an ogre, wielding a +0 giant club (moderately wounded, 91% to hit)
The blast of sand hits the ogre!
The ogre is almost dead.
The ogre hits you with a +0 giant club!
You die...

#...≈.#§≈≈≈#.≈..##.#.###.#
#.....#≈>8≈#§≈.....### ###
#....≈≈≈§_≈≈≈≈.#†.##
....≈#≈≈≈≈≈≈....##
.§§#.#+#≈...##
≈§≈.......## ≈.........#
..........# #.###.[@.##
#..O.# .......# ##.......
.../...... .........!..
.............
..............


You could see an ogre.

Vanquished Creatures
  A hound (D:4)
  Jessica (D:2)
  An iguana (D:3)
  2 adders (D:2)
  A dart slug (D:3)
  3 ribbon worms (D:2)
  2 endoplasms (D:2)
  3 giant cockroaches
  6 goblins
  2 hobgoblins
  5 jackals
  5 quokkas
  7 ball pythons
  9 bats
  3 frilled lizards
  5 kobolds
  3 rats
59 creatures vanquished.

Notes
Turn   | Place    | Note
-------+----------+-------------------------------------------
     0 | D:1      | PaiMei the Gargoyle Earth Elementalist began the quest for
                  | the Orb.
     0 | D:1      | Reached XP level 1. HP: 10/10 MP: 3/3
   126 | D:1      | Reached XP level 2. HP: 14/15 MP: 1/5
   699 | D:2      | Reached skill level 4 in Earth Magic
   699 | D:2      | Reached XP level 3. HP: 19/19 MP: 4/6
  1350 | D:2      | Noticed Jessica
  1366 | D:2      | Killed Jessica
  1367 | D:2      | Reached XP level 4. HP: 24/24 MP: 5/7
  1812 | D:3      | Learned a level 3 spell: Stone Arrow
  1821 | D:3      | Reached skill level 1 in Armour
  1821 | D:3      | Reached XP level 5. HP: 28/28 MP: 6/9
  1949 | D:3      | Reached skill level 1 in Fighting
  2150 | D:3      | Noticed Sigmund
  2249 | D:4      | Found a stormy altar of Qazlal.
  2306 | D:4      | Noticed an ogre
  2311 | D:4      | Slain by an ogre

Illustrated notes

Levels and vault maps discovered:
D:1:      dpeg_arrival_fog, layout_rooms, minmay_3d_cube
D:2:      layout_rooms, kennysheep_jessica_study
D:3:      layout_loops_corners, uniq_pargi, uniq_sigmund
D:4:      layout_layer_cave, lemuel_tele_altar,
          nicolae_qazlal_general_emergency, mainiacjoe_overflow_surrounded_room,
          uniq_crazy_yiuf_cottage

Skill      XL: |  1  2  3  4  5 |
---------------+----------------+-----
Earth Magic    | 4 |  4.6
Dodging        | 2 |  2.1
Stealth        | 3 |  3.0
Conjurations   | 2 |  2.1
Armour         | 1 |  1.4
Fighting       | 1 |  1.3
Spellcasting   | |  2.8

Action                     |  1- 3 |  4- 6 || total
---------------------------+-------+-------++-------
  Melee: Short sword       |    86 |       ||    86
         Punch             |     1 |       ||     1
         Flail             |     4 |       ||     4
         Dagger            |       |    48 ||    48
   Cast: Sandblast         |    24 |     5 ||    29
   Stab: Sleeping          |     3 |       ||     3
         Distracted        |     1 |       ||     1
 Armour: Robe              |    61 |    27 ||    88
  Dodge: Dodged            |    87 |    32 ||   119
